 Dungeon Crawl Stone Soup version 0.22.1-1-ga44c0e56f4 (webtiles) character file.

2375 AxeAttX the Cleaver (level 9, -8/63 HPs)
             Began as an Octopode Monk on Nov 1, 2018.
             Was a Believer of the Shining One.
             Killed from afar by a crimson imp (23 damage)
             ... with a wand of acid (9)
             ... on level 8 of the Dungeon.
             The game lasted 00:17:08 (10963 turns).

AxeAttX the Cleaver (Octopode Monk)                Turns: 10963, Time: 00:17:09

Health: -8/63      AC:  1    Str: 11    XL:     9   Next: 45%
Magic:  11/11      EV: 17    Int: 12    God:    the Shining One [**....]
Gold:   450        SH:  0    Dex: 17    Spells: 8/8 levels left

rFire    x . .     SeeInvis .   d - +0 war axe
rCold    + . .     Gourm    .   (no shield)
rNeg     + . .     Faith    .   (helmet restricted)
rPois    +         Spirit   .   (no amulet)
rElec    .         Reflect  .   o - ring of poison resistance
rCorr    .         Harm     .   k - ring of wizardry
MR       .....                  b - ring of ice
Stlth    ++........             (no ring)
HPRegen  0.20/turn              (no ring)
MPRegen  0.12/turn              (no ring)
                                (no ring)
                                (no ring)

@: glowing
A: almost no armour, stealthy swim, amphibious, 8 rings, constrict 8, camouflage
1, gelatinous body 1
a: Divine Shield, Renounce Religion


You were on level 8 of the Dungeon.
You worshipped the Shining One.
The Shining One was pleased with you.
You were near starving.

You visited 2 branches of the dungeon, and saw 9 of its levels.

You collected 450 gold pieces.

Inventory:

Hand Weapons
 d - a +0 war axe (weapon)
   (You found it on level 2 of the Dungeon)
Jewellery
 b - a ring of ice (on tentacle)
   (You took it off a kobold on level 3 of the Dungeon)
 g - an uncursed amulet of magic regeneration {unknown}
   (You found it on level 6 of the Dungeon)
 k - a ring of wizardry (right tentacle)
   (You found it on level 2 of the Dungeon)
 o - a ring of poison resistance (left tentacle)
   (You found it on level 5 of the Dungeon)
Wands
 c - a wand of flame (6)
   (You found it on level 5 of the Dungeon)
 h - a wand of enslavement (19)
   (You found it on level 5 of the Dungeon)
Scrolls
 a - 2 scrolls of remove curse
 i - a scroll of immolation
 m - a scroll of fog {unknown}
 p - a scroll of summoning {unknown}
 r - 7 scrolls of identify
 t - 5 scrolls of teleportation
 z - 2 scrolls of blinking
Potions
 f - a potion of flight
 j - a potion of mutation {unknown}
 l - a potion of brilliance {unknown}
 n - 2 potions of resistance
 q - 6 potions of curing
 u - a potion of invisibility {unknown}
 w - a potion of heal wounds
Comestibles
 e - 11 rations


   Skills:
 + Level 6.5 Fighting
 * Level 9.3 Axes
 + Level 6.4 Dodging
 - Level 3.0 Stealth
 + Level 3.1 Evocations


You had 8 spell levels left.
You didn't know any spells.
Your spell library contained the following spells:

 Spells                   Type           Power        Failure   Level  Hunger
 Animate Skeleton         Necr           N/A          13%         1    ##.....
 Apportation              Tloc           #.....       13%         1    ##.....
 Confusing Touch          Hex            #.....       13%         1    ##.....
 Summon Small Mammal      Summ           #...         13%         1    ##.....
 Poisonous Vapours        Pois/Air       #.....       21%         2    ###....
 Confuse                  Hex            #.......     36%         3    ####...
 Conjure Flame            Conj/Fire      #.......     36%         3    ####...
 Gell's Gravitas          Tloc           #.........   36%         3    ####...
 Mephitic Cloud           Conj/Pois/Air  #.......     36%         3    ####...
 Petrify                  Tmut/Erth      #.......     75%         4    #####..
 Metabolic Englaciation   Hex/Ice        #.........   97%         5    ######.
 Yara's Violent Unravell  Hex/Tmut       #.........   97%         5    ######.
 Freezing Cloud           Conj/Ice/Air   #.........   100%        6    #######
 Ring of Flames           Chrm/Fire      #.........   100%        7    #######


Dungeon Overview and Level Annotations

Branches:
Dungeon (8/15)             Temple (1/1) D:7            Lair (0/6) D:8

Altars:
Ashenzari
Cheibriados
Dithmenos
Elyvilon
Fedhas
Gozag
Hepliaklqana
Kikubaaqudgha
Makhleb
Okawaru
Qazlal
Ru
Sif Muna
Trog
Uskayaw
Vehumet
Wu Jian
Xom
Yredelemnul
Zin
The Shining One

Annotations:
D:3 Sigmund


Innate Abilities, Weirdness & Mutations

You cannot wear most types of armour.
You are very stealthy in the water. (Stealth+)
You are amphibious.
You can wear up to eight rings at the same time.
You can use your tentacles to constrict eight enemies at once.
Your skin changes colour to match your surroundings (Stealth+).
Your rubbery body absorbs attacks. (AC +1, EV +1)


Message History

You closely miss the sky beast.
The sky beast is lightly wounded.
The sky beast hits you. The sky beast shocks you.
You slash the sky beast! Your squeeze misses the sky beast.
The sky beast is heavily wounded.
You hit the adder. The adder closely misses you. The sky beast hits you.
The sky beast shocks you.
You slash the sky beast!
The sky beast is severely wounded.
You hit the adder. The adder bites you. The sky beast closely misses you.
You slash the sky beast!
You kill the sky beast!
You slash the adder!
You kill the adder!
You start resting.
Magic restored.
You start resting.
The hippogriff is too close now for your liking.
Evoke which item? (* to show all) (? for menu, Esc to quit)
Aiming: Throw Flame
Press: ? - help, Shift-Dir - straight line, f - hippogriff
Aim: a hippogriff (hasn't noticed you)
The puff of flame hits the hippogriff.
The hippogriff is lightly wounded.
Evoke which item? (* to show all) (? for menu, Esc to quit)
Aiming: Throw Flame
Press: ? - help, Shift-Dir - straight line, f/p - hippogriff
Aim: a hippogriff (lightly wounded)
The puff of flame hits the hippogriff.
The hippogriff is moderately wounded.
Evoke which item? (* to show all) (? for menu, Esc to quit)
Aiming: Throw Flame
Press: ? - help, Shift-Dir - straight line, f/p - hippogriff
Aim: a hippogriff (moderately wounded)
The puff of flame hits the hippogriff.
The hippogriff is heavily wounded.
Evoke which item? (* to show all) (? for menu, Esc to quit)
Aiming: Throw Flame
Press: ? - help, Shift-Dir - straight line, f/p - hippogriff
Aim: a hippogriff (heavily wounded)
The puff of flame hits the hippogriff.
The hippogriff is severely wounded.
You slash the hippogriff! You squeeze the hippogriff.
You kill the hippogriff!
Your Evocations skill increases to level 3!
You start resting.
You are starving!
You're too hungry to rest.
You need to eat something NOW!
Found 12 gold pieces.
You see here a hippogriff corpse.
You butcher the hippogriff corpse.
Eating a chunk of flesh.
You eat the chunk of flesh.
This raw flesh tastes terrible.
You are feeling very hungry.
HP restored.
You now have 450 gold pieces (gained 12).
A crimson imp comes into view. It is wielding a whip.
The crimson imp moves out of view.
e - 11 rations (gained 1)
Found a staircase to the Lair.
Okay, then.
l - a coppery potion Something unseen opens the door.
The crimson imp is too close now for your liking.
A crimson imp is nearby!
A wyvern comes into view.
The wyvern hisses angrily.
The crimson imp shouts!
The wyvern bites you!!
You slash the wyvern!
The wyvern is heavily wounded.
The wyvern barely misses you.
You slash the wyvern! Your squeeze misses the wyvern.
The wyvern is severely wounded.
The wyvern misses you.
The wyvern bites you but does no damage.
You hit the wyvern.
The wyvern is almost dead.
The wyvern bites you!
You hit the wyvern but do no damage. Your squeeze misses the wyvern.
The wyvern is almost dead.
The wyvern bites you! The wyvern bites you.
You are near starving!
You hit the wyvern.
The wyvern is almost dead.
The wyvern misses you. x2
You completely miss the wyvern.
You squeeze the wyvern, but do no damage.
The wyvern is almost dead.
The wyvern bites you!
* * * LOW HITPOINT WARNING * * *
Evoke which item? (* to show all) (? for menu, Esc to quit)
Aiming: Throw Flame
Press: ? - help, Shift-Dir - straight line, f - wyvern
Aim: a wyvern (almost dead, haloed)
The puff of flame hits the wyvern.
You kill the wyvern!
The crimson imp zaps a wand.
The bolt of acid hits you!
You die...

#.###.#..# #
#######........# #.
.........##.#..#
#..######.........#
#..######..##.##..#
##......##..##.##..#
........##..##.##..#
........##...#.##..#
.......5.@...#.##..#
#.......####.#.##..#
##.##'### #.#.....#
... #.#.##..#######
..#. #.#.##.........
#. #.
#.#>##......... # #
#.####......... #.#
#.........
#........##


You could see a crimson imp.

Vanquished Creatures
  Grinder (D:6)
  A hippogriff (D:8)
  A wyvern (D:8)
  A sky beast (D:8)
  A black bear (D:7)
  2 phantoms
  3 ogres
  2 centaurs
  A bullfrog (D:7)
  4 scorpions
  5 howler monkeys
  2 crimson imps (D:7)
  A centaur zombie (D:5)
  A bullfrog skeleton (D:6)
  A jelly (D:5)
  A hound (D:4)
  An orc wizard (D:3)
  2 iguanas
  5 worker ants
  A hound zombie (D:7)
  3 gnolls (D:2)
  11 adders
  5 oozes (D:3)
  An adder skeleton (D:5)
  2 worms
  3 dart slugs
  2 leopard geckos
  10 orcs
  A ball python (D:4)
  5 giant cockroaches
  10 goblins
  10 hobgoblins
  3 jackals (D:6)
  14 kobolds
  2 quokkas
  2 bats
  10 frilled lizards
  A giant cockroach zombie (D:6)
  2 leopard gecko skeletons
  2 quokka skeletons (D:4)
  7 rats
143 creatures vanquished.

Vanquished Creatures (others)
  A quokka (D:7)
  2 fungi (D:3)
  7 toadstools (D:3)
10 creatures vanquished.

Grand Total: 153 creatures vanquished

Notes
Turn   | Place    | Note
-------+----------+-------------------------------------------
     0 | D:1      | AxeAttX the Octopode Monk began the quest for the Orb.
     0 | D:1      | Reached XP level 1. HP: 16/16 MP: 1/1
    49 | D:1      | Reached skill level 3 in Stealth
   158 | D:1      | Reached XP level 2. HP: 18/21 MP: 2/2
   832 | D:2      | Reached skill level 4 in Axes
   832 | D:2      | Reached XP level 3. HP: 25/26 MP: 3/3
  1448 | D:2      | Reached XP level 4. HP: 29/31 MP: 4/4
  1580 | D:2      | Reached skill level 5 in Axes
  1659 | D:2      | Found an opulent altar of Gozag.
  2157 | D:2      | HP: 4/31 [orc/flail (2)]
  2440 | D:3      | Reached XP level 5. HP: 30/36 MP: 5/5
  2823 | D:3      | Reached skill level 6 in Axes
  3359 | D:3      | Noticed Sigmund
  3434 | D:4      | Reached XP level 6. HP: 27/42 MP: 6/6
  3562 | D:4      | Noticed a phantom
  3610 | D:4      | Found an ornate altar of the Wu Jian Council.
  3615 | D:4      | Found an iron altar of Okawaru.
  3618 | D:4      | Found a blossoming altar of Fedhas.
  3622 | D:4      | Found a glowing silver altar of Zin.
  3683 | D:3      | HP: 5/42 [Sigmund/scythe (8)]
  4542 | D:4      | Reached XP level 7. HP: 35/47 MP: 7/7
  4816 | D:4      | Reached skill level 4 in Fighting
  4816 | D:4      | Reached skill level 4 in Dodging
  5575 | D:5      | Entered Level 5 of the Dungeon
  5972 | D:5      | Noticed a hippogriff
  6287 | D:5      | Found a shadowy altar of Dithmenos.
  6375 | D:5      | Reached skill level 7 in Axes
  7387 | D:6      | Noticed Grinder
  7399 | D:6      | Killed Grinder
  7399 | D:6      | Reached skill level 5 in Fighting
  7399 | D:6      | Reached skill level 5 in Dodging
  7399 | D:6      | Reached XP level 8. HP: 25/55 MP: 8/8
  7858 | D:6      | HP: 4/55 [phantom (9)]
  8396 | D:7      | Reached skill level 8 in Axes
  8486 | D:7      | Found a staircase to the Ecumenical Temple.
  8492 | Temple   | Entered the Ecumenical Temple
  8684 | Temple   | Became a worshipper of the Shining One
  8684 | Temple   | Reached * piety under the Shining One
  8684 | Temple   | Reached ** piety under the Shining One
  8959 | D:7      | Reached skill level 1 in Evocations
  9133 | D:7      | Found a white marble altar of Elyvilon.
  9613 | D:7      | Reached skill level 6 in Fighting
  9613 | D:7      | Reached XP level 9. HP: 62/62 MP: 10/10
  9819 | D:7      | Reached skill level 6 in Dodging
  9819 | D:7      | Reached skill level 2 in Evocations
 10398 | D:8      | Reached skill level 9 in Axes
 10405 | D:8      | HP: 9/62 [hippogriff (4)]
 10405 | D:8      | HP: 4/62 [hippogriff (5)]
 10780 | D:8      | Reached skill level 3 in Evocations
 10927 | D:8      | Found a staircase to the Lair.
 10963 | D:8      | Killed from afar by a crimson imp

Skill      XL: |  1  2  3  4  5  6  7  8  9 |
---------------+----------------------------+-----
Stealth        | 3 |  3.0
Axes           | 4 5 6 7 8 9 |  9.3
Fighting       | 5 6 |  6.5
Dodging        | 5 6 |  6.4
Evocations     | 1 3 |  3.1

Action                   |  1- 3 |  4- 6 |  7- 9 || total
-------------------------+-------+-------+-------++-------
Melee: Hand axe          |    69 |    26 |       ||    95
       Constrict         |    18 |    37 |    30 ||    85
       Tentacles         |    11 |    40 |    39 ||    90
       War axe           |       |    30 |   189 ||   219
       Whip              |       |   113 |     5 ||   118
Throw: Throwing net      |       |     1 |       ||     1
Evoke: Wand              |       |       |    11 ||    11
  Use: Scroll            |     3 |     6 |     6 ||    15
       Potion            |       |     1 |     1 ||     2
 Stab: Sleeping          |     1 |    10 |     8 ||    19
       Distracted        |     1 |     1 |       ||     2
  Eat: Chunk             |     2 |     9 |    12 ||    23
       Ration            |       |       |     2 ||     2
Armor: Skin              |     4 |     9 |     3 ||    16
Dodge: Dodged            |    44 |   101 |   134 ||   279

Vault maps used:
D:1:      dpeg_arrival_court
D:2:      cheibrodos_helix_gallery, lemuel_doored_altar, serial_glass,
          glass_columns_c, glass_columns_a, glass_columns_a, glass_columns_c
D:3:      cheibrodos_fertilizer, first_ration, lemuel_another_geyser,
          uniq_sigmund
D:4:      grunt_temple_overflow_cloverleaf
D:5:      old_standard_altar, kennysheep_boxes
D:6:      uniq_grinder
D:7:      elyvilon_altar_4, minmay_temple_entry_large_hall
D:8:      minmay_bloctagon_deflated, lair_entry_dummy, basic_altar,
          serial_shops, shop
Temple:   dpeg_chambers_temple

Table legend:
 A = Turns spent in this place as a percentage of turns spent in the entire game.
 B = Non-inter-level travel turns spent in this place as a percentage of non-inter-level travel turns spent in the entire game.
 C = Inter-level travel turns spent in this place as a percentage of turns spent in this place.
 D = Turns resting spent in this place as a percentage of non-inter-level travel turns spent in this place.
 E = Turns spent auto-exploring this place as a percentage of non-inter-level travel turns spent in this place.
 F = Non-inter-level travel turns spent in this place divided by the number of levels of this place that you've seen.
                   A       B       C       D       E      F
               +-------+-------+-------+-------+-------+----------------------
         Total | 100.0 | 100.0 |   4.3 |  31.7 |  52.2 | 1165.3
       Dungeon |  98.0 |  97.9 |   4.4 |  32.4 |  51.5 | 1283.9
        Temple |   2.0 |   2.1 |   0.0 |   0.0 |  86.6 | 217.0
               +-------+-------+-------+-------+-------+----------------------

Table legend:
 A = Kills in this place as a percentage of kills in entire the game.
 B = Kills by you in this place as a percentage of kills by you in the entire game.
 C = Kills by friends in this place as a percentage of kills by friends in the entire game.
 D = Other kills in this place as a percentage of other kills in the entire game.
 E = Experience gained in this place as a percentage of experience gained in the entire game.
 F = Experience gained in this place divided by the number of levels of this place that you have seen.
                   A       B       C       D       E      F
               +-------+-------+-------+-------+-------+----------------------
         Total | 100.0 | 100.0 |   N/A |   N/A | 100.0 | 377.1
       Dungeon | 100.0 | 100.0 |   N/A |   N/A | 100.0 | 424.2
               +-------+-------+-------+-------+-------+----------------------
